Map: Overgrowth LE

Players

Griner - Winner!

  • Race: Zerg Zerg
  • Spawn Location: 7:00

A.I. 1 (Medium)

  • Race: Terran Terran
  • Spawn Location: 1:00

VOD

Have the link to the VOD?

Description

Time

  • Played on: July 20, 2025, 12:01 p.m.
  • Length: 15:54
Show
View Real Time Build Order
Export as new Build Order

Griner Zerg - Winner!

Build Orders: Pool First 

Get SALT Encoding   

  12  0:18  Spawning Pool  
  11  0:22  Drone  
  12  0:31  Overlord  
  12  0:37  Drone  
  12  0:41  Drone  
  14  1:04  Queen  
  14  1:06  Zergling x4  
  14  1:10  Zergling x2  
  19  1:16  Extractor  
  18  1:18  Drone  
  19  1:30  Drone  
  20  1:54  Drone x2  
  22  1:56  Hatchery  
  21  2:01  Drone  
  19  2:40  Drone x3  
  19  2:43  Extractor  
  21  3:01  Drone  
  22  3:07  Spore Crawler  
  22  3:08  Drone  
  22  3:16  Metabolic Boost  
  22  3:19  Drone  
  23  3:20  Spore Crawler, Drone x2  
  23  3:21  Drone  
  23  3:24  Queen  
  27  3:27  Drone  
  28  3:40  Evolution Chamber  
  27  3:43  Lair  
  27  3:52  Roach Warren, Drone x2  
  27  3:55  Overlord x3  
  28  4:14  Zergling x8  
  32  4:25  Zergling x2  
  32  4:26  Zergling x4  
  37  4:53  Roach x6  
  37  4:56  Drone  
  48  5:00  Extractor  
  48  5:02  Drone, Extractor  
  47  5:10  Drone x3  
  47  5:11  Drone x2  
  47  5:12  Overlord  
  52  5:17  Overlord  
  52  5:28  Pneumatized Carapace  
  52  5:39  Drone x4  
  52  5:40  Drone x2  
  58  5:55  Spire  
  57  5:58  Roach  
  57  6:02  Drone  
  57  6:03  Drone  
  61  6:20  Ravager  
  61  6:21  Ravager x6  
  68  6:43  Overlord x3  
  68  6:44  Overlord x3  
  68  6:50  Burrow  
  68  7:01  Queen  
  68  7:07  Mutalisk x4  
  71  7:33  Mutalisk  
  71  7:34  Mutalisk x3  
  79  7:38  Drone x3  
  82  8:06  Roach  
  82  8:07  Roach x5  
  94  8:14  Zerg Flyer Weapons Level 1  
  94  8:24  Infestation Pit  
  93  8:27  Hatchery  
  93  8:29  Overlord  
  93  8:30  Overlord x2  
  93  8:31  Mutalisk  
  93  8:32  Mutalisk  
  96  8:36  Mutalisk  
  98  8:54  Ravager  
  98  8:55  Ravager  
  100  9:10  Mutalisk x2  
  104  9:35  Roach  
  104  9:36  Roach x6  
  118  9:51  Drone x3  
  118  9:52  Drone x5  
  126  9:57  Queen  
  128  10:08  Zerg Flyer Armor Level 1  
  128  10:34  Mutalisk  
  128  10:35  Mutalisk x6  
  142  10:42  Extractor  
  141  10:43  Extractor  
  140  11:06  Hatchery  
  140  11:11  Zergling x8  
  140  11:12  Zergling x4  
  140  11:14  Overlord x3  
  143  11:44  Ravager x8  
  143  11:45  Ravager x2  
  153  12:14  Zergling x2  
  153  12:15  Zergling x20  
  164  13:16  Mutalisk x6  
  176  13:20  Overlord  
  176  13:21  Overlord x11  
  131  15:00  Mutalisk  
  131  15:01  Mutalisk x11  
Show
View Real Time Build Order
Export as new Build Order

A.I. 1 (Medium) Terran 

Build Orders:  

Get SALT Encoding   

  12  0:00  SCV  
  13  0:13  SCV  
  14  0:18  Supply Depot  
  14  0:25  SCV  
  15  0:40  SCV  
  15  0:42  Barracks  
  16  0:47  Refinery  
  16  0:52  SCV  
  17  1:04  SCV  
  18  1:15  Supply Depot  
  18  1:28  Marine  
  18  1:32  Barracks, Orbital Command  
  19  1:41  Refinery  
  19  1:46  Barracks Tech Lab  
  19  2:04  Marine  
  19  2:08  Supply Depot  
  20  2:09  SCV  
  20  2:21  SCV  
  20  2:22  Marine  
  20  2:29  Marine  
  21  2:41  Marine  
  22  2:53  Marine  
  23  3:05  Marine  
  23  3:07  Supply Depot  
  24  3:17  SCV, Marine  
  26  3:29  SCV  
  26  3:30  Marine  
  28  3:36  Engineering Bay  
  28  3:41  SCV  
  29  3:42  Marine  
  30  3:53  SCV  
  30  3:54  Marauder  
  33  4:05  SCV  
  33  4:06  Marine  
  33  4:09  Supply Depot  
  35  4:17  SCV  
  35  4:19  Marauder  
  38  4:30  Marine  
  39  4:43  Marauder  
  41  6:43  Reaper, Barracks Tech Lab  
  41  6:46  Factory  
  42  6:50  Factory, Command Center  
  42  6:52  Missile Turret  
  42  6:54  Missile Turret  
  42  6:59  Sensor Tower  
  42  7:01  Supply Depot  
  42  7:02  Marauder  
  42  7:04  Barracks  
  44  7:13  Bunker  
  44  7:15  Reaper  
  44  7:22  Marine  
  40  7:29  Factory Tech Lab  
  29  7:30  Armory  
  29  7:34  Starport  
  29  7:35  Factory Tech Lab  
  29  7:41  Marauder  
  31  7:47  Marine  
  31  7:50  Barracks Reactor  
  32  8:02  Marine, SCV  
  32  8:05  Marine, SCV  
  36  8:13  Starport Tech Lab, Refinery  
  36  8:14  SCV  
  36  8:15  Missile Turret  
  36  8:17  SCV  
  36  8:18  Missile Turret  
  36  8:19  Marine, Refinery  
  38  8:23  Marine  
  38  8:27  SCV  
  41  8:29  SCV  
  41  8:31  Marine, Raven  
  45  8:38  Bunker  
  45  8:39  SCV  
  45  8:40  Marine  
  47  8:42  SCV  
  48  8:48  Marine  
  48  8:51  SCV  
  48  8:54  SCV  
  51  8:57  Marine  
  52  9:03  SCV  
  52  9:05  Raven  
  52  9:06  SCV, Marauder  
  58  9:15  SCV, Marauder  
  61  9:18  SCV  
  62  9:27  SCV  
  62  9:30  SCV  
  64  9:39  SCV  
  64  9:42  SCV  
  66  9:51  SCV  
  67  9:54  SCV  
  68  10:03  SCV  
  68  10:06  SCV  
  70  10:11  Supply Depot  
  70  11:10  Siege Tank, Stimpack, Combat Shield, Medivac  
  70  11:11  Terran Infantry Weapons Level 1  
  75  11:15  Starport  
  75  11:18  Supply Depot  
  75  11:19  Thor  
  75  11:21  Ghost Academy  
  75  11:23  Fusion Core  
  75  11:24  Engineering Bay  
  77  11:28  Armory  
  77  11:29  Command Center  
  77  11:30  Marine  
  58  11:40  Marine, Raven  
  58  11:43  Supply Depot  
  61  11:50  Marine, Starport Tech Lab, Terran Infantry Armor Level 1  
  62  12:00  Marine  
  63  12:09  Raven  
  63  12:10  Marine  
  63  12:14  Raven  
  68  12:20  Marine  
  68  12:28  Concussive Shells  
  68  12:30  Siege Tank  
  71  12:40  Cyclone  
  71  12:42  SCV  
  71  12:43  Medivac  
  77  12:45  SCV  
  77  12:48  SCV  
  79  12:54  SCV  
  79  12:57  SCV  
  80  13:00  SCV  
  80  13:01  Missile Turret  
  80  13:02  Thor  
  80  13:03  Missile Turret  
  80  13:04  Refinery  
  87  13:07  SCV, Refinery  
  87  13:09  SCV  
  87  13:12  Siege Tank, SCV  
  93  13:19  SCV  
  94  13:23  Bunker  
  94  13:28  Marine  
  94  13:31  SCV  
  89  13:34  SCV  
  89  13:35  Viking  
  84  13:43  Marine, SCV  
  84  13:46  SCV  
  86  13:50  Hellion  
  86  13:55  SCV  
  89  13:57  Command Center  
  89  13:58  SCV, Marauder  
  89  13:59  Supply Depot  
  89  14:01  Raven  
  70  14:05  Viking  
  70  14:07  SCV  
  47  14:12  Hellion  
  33  14:19  SCV, Marauder  
  19  14:26  Marine  
  13  14:31  SCV  
  13  14:33  Marine  
  13  14:35  Starport Reactor  
  9  14:40  Marine  
  9  14:44  SCV  
  6  14:55  Viking  
  6  15:11  SCV  
  4  15:23  SCV  
  3  15:35  SCV  
Tags
 
Matchup
TvZ
Opening
Pool First
Spawn Locations
Cross Positions
Add a new tag
Caveats
  • Supply blocks, unpowered buildings, or Contaminate may cause inaccurate times.
  • Supply counts are checked every 10 seconds.